 Dungeon Crawl Stone Soup version 0.27-a0-650-g8dd3ea4f36 (webtiles) character file.

Game seed: 8949978640443422026

3975 jasper the Carver (level 10, -1/74 HPs)
             Began as a Demonspawn Warper on Mar 15, 2021.
             Was a Priest of Cheibriados.
             Killed from afar by an efreet (10 damage)
             ... with a fireball
             ... on level 10 of the Dungeon.
             The game lasted 00:21:54 (13244 turns).

jasper the Carver (Demonspawn Warper)              Turns: 13244, Time: 00:21:55

Health: -1/74      AC: 23    Str: 17    XL:     10   Next: 2%
Magic:  13/13      EV:  6    Int: 24    God:    Cheibriados [***...]
Gold:   451        SH:  0    Dex: 22    Spells: 1/13 levels left

rFire    . . .     SeeInvis +   G - +0 hand crossbow
rCold    . . .     Faith    .   (no shield)
rNeg     . . .     Spirit   .   C - +6 plate armour of Difofej {Dex+3 SInv}
rPois    +         Reflect  .   (no helmet)
rElec    .         Harm     .   (no cloak)
rCorr    .         Rampage  .   F - +1 pair of gloves
Will     .....                  (no boots)
Stlth    ..........             (no amulet)
HPRegen  0.22/turn              I - ring of poison resistance
MPRegen  0.26/turn              O - +4 ring of protection

@: very slow
A: talons 1, magic regeneration, demonic magic 3
a: Renounce Religion, Bend Time, Temporal Distortion


You were on level 10 of the Dungeon.
You worshipped Cheibriados.
Cheibriados was most pleased with you.
You visited 1 branch of the dungeon, and saw 10 of its levels.

You collected 700 gold pieces.
You spent 249 gold pieces at shops.

Inventory:

Hand Weapons
 a - a +0 falchion
 s - a +0 hunting sling
 G - a +0 hand crossbow (weapon)
 M - a +0 fustibalus
Missiles
 f - 9 poisoned darts
 l - 165 stones
 p - 79 sling bullets
 t - 94 bolts (quivered ammo)
 D - 5 silver javelins
 Q - 2 boomerangs
Armour
 b - a +0 leather armour
 j - a +0 ring mail
 x - a +0 scale mail
 C - the +6 plate armour of Difofej (worn) {Dex+3 SInv}
   (You found it on level 9 of the Dungeon)

   It affects your dexterity (+3).
   It lets you see invisible.
 F - a +1 pair of gloves (worn)
 J - a +0 kite shield
Jewellery
 u - a +6 ring of strength
 y - a +6 ring of intelligence
 I - a ring of poison resistance (right hand)
 K - a ring of wizardry
 L - an amulet of the acrobat
 O - a +4 ring of protection (left hand)
 P - a +4 ring of evasion
Wands
 e - a wand of paralysis (5)
 B - a wand of digging (8)
Scrolls
 c - 2 scrolls of random uselessness
 d - a scroll of blinking
 g - 4 scrolls of immolation
 h - 2 scrolls of fear
 k - 3 scrolls of teleportation
 m - 3 scrolls of fog
 n - 3 scrolls of amnesia {unknown}
 r - 2 scrolls of enchant weapon {unknown}
 v - 4 scrolls of enchant armour {unknown}
 E - 3 scrolls of noise {unknown}
 H - 3 scrolls of magic mapping {unknown}
 R - a scroll of identify
 S - a scroll of summoning {unknown}
Potions
 i - 2 potions of mutation
 o - a potion of curing
 q - 3 potions of magic
 w - a potion of flight
 z - a potion of attraction
 A - 2 potions of degeneration
 N - a potion of brilliance
 T - a potion of lignification


   Skills:
 + Level 5.1 Fighting
 * Level 11.1 Long Blades
 - Level 0.8 Throwing
 - Level 4.0 Armour
 - Level 1.7 Dodging
 + Level 2.3 Spellcasting
 - Level 4.1 Translocations
 + Level 3.1 Invocations


You had one spell level left.
You knew the following spells:

 Your Spells              Type           Power      Damage    Failure   Level
a - Blink                 Tloc           N/A        N/A       83%         2
b - Lesser Beckoning      Tloc           11%        N/A       96%         3
c - Teleport Other        Tloc           22%        N/A       96%         3
d - Manifold Assault      Tloc           22%        N/A       100%        4

Your spell library contained the following spells:

 Spells                   Type           Power      Damage    Failure   Level
 Foxfire                  Conj/Fire      8%         2x1d4     99%         1
 Gell's Gravitas          Tloc           11%        N/A       96%         3
 Confusing Touch          Hex            2%         N/A       100%        3
 Conjure Flame            Conj/Fire      2%         6-21      100%        3
 Inner Flame              Hex/Fire       2%         N/A       100%        3
 Petrify                  Tmut/Erth      2%         N/A       100%        4
 Sticky Flame             Conj/Fire      2%         2d3       100%        4
 Fireball                 Conj/Fire      1%         3d3       100%        5
 Metabolic Englaciation   Hex/Ice        1%         N/A       100%        5
 Yara's Violent Unravell  Hex/Tmut       1%         3d3       100%        5


Dungeon Overview and Level Annotations

Branches:
Dungeon (10/15)
 Temple: D:4-7         Lair: D:8-11         Orc: D:9-12

Altars:
Cheibriados

Shops:
D:4 **

Annotations:
D:5 1 runed translucent door, siradein's ghost, amateur DsAK


Innate Abilities, Weirdness & Mutations

You have sharp toenails.
You regenerate magic rapidly.
Spells you cast and wands you use may paralyse nearby enemies.


Message History

A worker ant zombie comes into view.
You shoot a bolt. The bolt hits the worker ant zombie!
The worker ant zombie is almost destroyed.
You shoot a bolt. The bolt hits the worker ant zombie!
You destroy the worker ant zombie!
Cheibriados thoroughly appreciates the change of pace.
You can now warp the flow of time around you.
No target in view!
No target in view!
Found a potion of lignification.
No target in view!
An efreet comes into view.
It is wielding a +3 scimitar of flaming.
You see here a bolt.
Something hits the plant!!
The plant begins to die.
Something burns the plant.
The efreet gestures at you.
The fireball explodes!
The fireball engulfs you!
You hear a chilling moan.
You see here a potion of lignification.
T - a potion of lignification A scorpion comes into view.
You take 12 damage, and have 62/74 hp.
Okay, then.
The efreet gestures at you. The bolt of fire hits you!!
You take 32 damage, and have 30/74 hp.
MASSIVE DAMAGE!!
The efreet gestures at you.
The fireball explodes!
The fireball engulfs you!!
* * * LOW HITPOINT WARNING * * *
The fireball engulfs the efreet.
The efreet completely resists.
You take 29 damage, and have 2/74 hp.
MASSIVE DAMAGE!!
Okay, then.
Okay, then.
As you read the scroll of fear, it crumbles to dust.
You assume a fearsome visage.
The efreet is unaffected.
The scorpion looks frightened!
The efreet hits you but does no damage.
You feel better.
A water moccasin skeleton comes into view.
The efreet gestures at you.
The fireball explodes!
The fireball engulfs you!
You die...

#...# ###.###.###.#
##...######. #.#
#.# .# #.........#
... #...........
....#.........##
P.........#####
..........#########
RP.○..°(..#.......#
PP.P#...°.#@####
..P##....°R....# .
###
#.....#.##Z#....
#######.........
####.#.... # #..


You could see an efreet and a water moccasin skeleton.

Vanquished Creatures
  A shadow (D:7)
  A wyvern (D:9)
  Menkaure (D:6)
  An orc warrior (D:6)
  A necrophage (D:9)
  3 ice beasts
  5 sky beasts
  2 centaurs
  2 ogres (D:6)
  Blork the orc (D:5)
  A kobold brigand (D:8)
  6 bullfrogs
  A gnoll sergeant (D:7)
  A scorpion (D:9)
  6 killer bees
  4 howler monkeys
  A bullfrog zombie (D:7)
  A centaur zombie (D:6)
  2 quasits
  9 hounds
  4 jellies
  A bullfrog skeleton (D:7)
  2 orc priests (D:6)
  A centaur skeleton (D:9)
  2 iguanas
  5 orc wizards
  3 worker ants
  A hound zombie (D:9)
  A hound skeleton (D:4)
  2 worker ant zombies (D:10)
  9 gnolls
  A howler monkey skeleton (D:6)
  9 adders
  A shadow imp (D:7)
  A white imp (D:7)
  2 ufetubi
  3 oozes
  3 worms
  5 leopard geckos
  15 orcs
  6 bats (D:1)
  3 giant cockroaches
  3 goblins
  3 hobgoblins
  3 jackals
  9 kobolds
  5 quokkas
  2 ball pythons
  3 frilled lizards
  A jackal zombie (D:7)
  A quokka zombie (D:7)
  6 rats
166 creatures vanquished.

Vanquished Creatures (collateral kills)
  A white imp (D:7)
1 creature vanquished.

Vanquished Creatures (others)
  A centaur skeleton (D:10)
  A bullfrog zombie (D:10)
  An orc wizard (D:10)
  52 plants
55 creatures vanquished.

Grand Total: 222 creatures vanquished

Notes
Turn   | Place    | Note
-------+----------+-------------------------------------------
     0 | D:1      | jasper the Demonspawn Warper began the quest for the Orb.
     0 | D:1      | Reached XP level 1. HP: 16/16 MP: 3/3
   173 | D:1      | Reached skill level 2 in Long Blades
   419 | D:1      | Gained mutation: You regenerate magic rapidly. [demonic
                  | ancestry]
   419 | D:1      | Reached XP level 2. HP: 22/22 MP: 5/5
   859 | D:1      | Reached skill level 3 in Long Blades
  1279 | D:2      | You fall into a shaft and drop 1 floor!
  1293 | D:3      | Reached XP level 3. HP: 23/27 MP: 6/6
  2360 | D:3      | Learned a level 2 spell: Blink
  2364 | D:3      | Learned a level 3 spell: Lesser Beckoning
  2399 | D:3      | Reached skill level 4 in Long Blades
  2399 | D:3      | Gained mutation: Spells you cast may paralyse adjacent
                  | enemies. [demonic ancestry]
  2399 | D:3      | Reached XP level 4. HP: 33/33 MP: 7/7
  2693 | D:4      | Found Faucajuh's General Store.
  2696 | D:4      | Bought a potion of curing for 42 gold pieces
  2696 | D:4      | Bought a scroll of teleportation for 42 gold pieces
  2809 | D:4      | Reached XP level 5. HP: 16/38 MP: 8/8
  3041 | D:4      | Reached skill level 5 in Long Blades
  3214 | D:4      | Found Lidenel's General Store.
  3221 | D:4      | Bought a potion of heal wounds for 55 gold pieces
  3221 | D:4      | Bought a potion of heal wounds for 55 gold pieces
  3221 | D:4      | Bought a scroll of identify for 22 gold pieces
  3230 | D:4      | Bought a potion of curing for 33 gold pieces
  3324 | D:4      | You fall into a shaft and drop 1 floor!
  3324 | D:5      | Entered Level 5 of the Dungeon
  3554 | D:5      | Noticed an ice beast
  3562 | D:5      | Killed an ice beast
  3563 | D:5      | Reached skill level 6 in Long Blades
  3563 | D:5      | Gained mutation: Spells you cast may paralyse nearby
                  | enemies. [demonic ancestry]
  3563 | D:5      | Reached XP level 6. HP: 44/44 MP: 9/9
  3597 | D:5      | Found a runed translucent door.
  3598 | D:5      | Noticed siradein's ghost (amateur DsAK)
  3694 | D:5      | Noticed Blork the orc
  3713 | D:5      | Killed Blork the orc
  4131 | D:5      | Reached skill level 7 in Long Blades
  4131 | D:5      | Gained mutation: Spells you cast and wands you use may
                  | paralyse nearby enemies. [demonic ancestry]
  4131 | D:5      | Reached XP level 7. HP: 26/50 MP: 10/10
  5395 | D:6      | Reached skill level 8 in Long Blades
  5794 | D:6      | Gained mutation: You have sharp toenails. [demonic
                  | ancestry]
  5794 | D:6      | Reached XP level 8. HP: 48/56 MP: 7/11
  6075 | D:6      | Reached skill level 9 in Long Blades
  6293 | D:6      | Noticed Menkaure
  6308 | D:6      | Killed Menkaure
  6887 | D:6      | Reached skill level 10 in Long Blades
  7191 | D:6      | Found a snail-covered altar of Cheibriados.
  7205 | D:6      | Became a worshipper of Cheibriados the Contemplative
  7276 | D:6      | Reached skill level 1 in Armour
  7526 | D:6      | Found a snail-covered altar of Cheibriados.
  7802 | D:7      | Learned a level 3 spell: Teleport Other
  7861 | D:7      | Reached XP level 9. HP: 57/62 MP: 12/12
  7895 | D:7      | Reached * piety under Cheibriados
  8774 | D:7      | Learned a level 4 spell: Manifold Assault
 10532 | D:7      | Noticed a four-headed hydra
 11013 | D:8      | Reached ** piety under Cheibriados
 11300 | D:8      | HP: 2/66 [orc warrior/+0 short sword of speed (10)]
 11712 | D:9      | Reached skill level 1 in Invocations
 12319 | D:9      | Identified the +6 plate armour of Difofej {Dex+3 SInv}
 12518 | D:9      | Reached skill level 11 in Long Blades
 12964 | D:10     | Entered Level 10 of the Dungeon
 13015 | D:10     | Reached skill level 5 in Fighting
 13122 | D:10     | Reached XP level 10. HP: 67/74 MP: 13/13
 13227 | D:10     | Reached *** piety under Cheibriados
 13242 | D:10     | HP: 2/74 [efreet/fireball (29)]
 13244 | D:10     | Killed from afar by an efreet

Illustrated notes

Levels and vault maps discovered:
D:1:      lightli_iron_boxes, layout_rooms, serial_bayou_lagoon_a
D:2:      layout_basic
D:3:      layout_rooms
D:4:      layout_rooms, serial_shops, kennysheep_mini, shop_statue
D:5:      layout_cave_pools, ebering_ghost_reflecting_pool, minmay_crystal_room,
          uniq_blork_the_orc
D:6:      layout_basic, nicolae_overflow_crystal_walls, serial_glass,
          glass_columns_a, glass_columns_b, feat_on_display, chei_slow_surprise,
          uniq_menkaure
D:7:      nzn_winding_woodlands_three_and_one
          [nzn_winding_woodlands_5x15_lazy_stream,
          nzn_winding_woodlands_5x15_parted,
          nzn_winding_woodlands_5x15_sawtooth,
          nzn_winding_woodlands_center_garden], layout_basic,
          minmay_temple_entry_waves, basic_altar, uniq_prince_ribbit1
D:8:      layout_loops_corners, chequers_serial_rivers_micro_d
D:9:      layout_loops_ring
D:10:     layout_loops_cross, david_lair_shrubbed, fungi_pond_lemuel,
          grunt_decor_cap

Skill      XL: |  1  2  3  4  5  6  7  8  9 |
---------------+----------------------------+-----
Long Blades    | 2 3 4 6 7 8 10 11 | 11.1
Armour         | 2 4 |  4.0
Translocations | 3 4 |  4.1
Fighting       | 5 |  5.1
Invocations    | 3 |  3.1
Throwing       | |  0.8
Dodging        | |  1.7
Spellcasting   | |  2.3

Action                   |  1- 3 |  4- 6 |  7- 9 | 10-12 || total
-------------------------+-------+-------+-------+-------++-------
Melee: Falchion          |    93 |    78 |   506 |       ||   677
       Kick              |       |       |   127 |       ||   127
 Fire: Hand crossbow     |       |       |    68 |    20 ||    88
       Fustibalus        |       |       |     6 |       ||     6
       Hunting sling     |       |       |     1 |       ||     1
Throw: Dart              |    46 |    38 |    88 |       ||   172
       Boomerang         |     2 |       |     3 |       ||     5
       Javelin           |       |       |    20 |       ||    20
       Stone             |       |       |    16 |       ||    16
 Cast: Blink             |       |       |    43 |       ||    43
       Manifold Assault  |       |       |     2 |       ||     2
Evoke: Wand              |       |    16 |    19 |       ||    35
  Use: Potion            |       |     3 |    14 |     1 ||    18
       Scroll            |       |    11 |     2 |     1 ||    14
 Stab: Paralysed         |       |       |    17 |       ||    17
Armor: Leather armour    |     1 |       |       |       ||     1
       Ring mail         |    40 |       |    96 |       ||   136
       Scale mail        |     1 |    63 |    72 |       ||   136
       Skin              |       |       |    35 |       ||    35
       Plate armour      |       |       |    78 |    25 ||   103
Dodge: Dodged            |    66 |    75 |   250 |     6 ||   397
       Rpst.: Falchion   |    21 |    15 |    72 |       ||   108

Table legend: (Time is in decaauts)
 A = Elapsed time spent in this place.
 B = Non-inter-level travel time spent in this place.
 C = Inter-level travel time spent in this place.
 D = Time resting spent in this place.
 E = Time spent auto-exploring this place.
 F = Levels seen in this place.
 G = Mean time per level.
                   A        B        C        D        E       F      G
               +--------+--------+--------+--------+--------+-----+--------+
         Total |  14096 |  13685 |    411 |   4346 |   7132 |  10 | 1409.6 |
       Dungeon |  14096 |  13685 |    411 |   4346 |   7132 |  10 | 1409.6 |
               +--------+--------+--------+--------+--------+-----+--------+

Top non-repeatable levels by time:
     D:6: 4512 daAuts
     D:9: 1620 daAuts
     D:7: 1424 daAuts
     D:5: 1327 daAuts
     D:8: 1314 daAuts
     D:2: 1104 daAuts
     D:1: 1090 daAuts
     D:4: 815 daAuts
     D:3: 501 daAuts
    D:10: 384 daAuts
